 Dungeon Crawl Stone Soup version 0.26-a0-682-g294304f6e8 (webtiles) character file.

Game seed: 10940237481223985483

8657 mandarbmax the Grappler (level 11, -1/110 HPs)
             Began as a Troll Transmuter on Oct 20, 2020.
             Was a High Priest of Cheibriados.
             Slain by a six-headed hydra (4 damage)
             ... on level 1 of the Lair of Beasts.
             The game lasted 00:29:42 (8460 turns).

mandarbmax the Grappler (Troll Transmuter)          Turns: 8460, Time: 00:29:43

Health: -1/110     AC:  8    Str: 33    XL:     11   Next: 12%
Magic:  13/13      EV: 30    Int: 23    God:    Cheibriados [*****.]
Gold:   521        SH: 14    Dex: 28    Spells: 9/12 levels left

rFire    . . .     SeeInvis +     - Unarmed
rCold    + + .     Faith    .   t - +2 kite shield
rNeg     . . .     Spirit   .   C - +2 robe {MR+}
rPois    .         Reflect  .   (helmet restricted)
rElec    .         Harm     .   (no cloak)
rCorr    .         Rampage  .   (gloves unavailable)
MR       +....                  (boots unavailable)
Stlth    ++........             y - amulet of the acrobat
HPRegen  0.68/turn              n - ring "Kuffub" {rC++ Dex+6}
MPRegen  0.13/turn              v - ring of see invisible

@: lethally poisoned (-1 -> -2), acrobat, very slow
A: large, unfitting armour, claws 3, regeneration 1, shaggy fur 1, tough skin 3
a: Bend Time, Temporal Distortion, Slouch, Step From Time, Renounce Religion


You were on level 1 of the Lair of Beasts.
You worshipped Cheibriados.
Cheibriados was extremely pleased with you.
You visited 3 branches of the dungeon, and saw 11 of its levels.

You collected 521 gold pieces.

Inventory:

Missiles
 g - a boomerang of dispersal
 o - 20 poisoned darts
 u - 5 boomerangs (quivered)
Armour
 t - a +2 kite shield (worn)
 C - a +2 robe of magic resistance (worn)
Jewellery
 a - an uncursed ring of fire
 m - an uncursed ring of ice
 n - the ring "Kuffub" (left claw) {rC++ Dex+6}
   (You acquired it on level 6 of the Dungeon)

   [ring of dexterity]

   It affects your dexterity (+6).
   It greatly protects you from cold.
 v - a ring of see invisible (right claw)
 y - an amulet of the acrobat (around neck)
Wands
 k - a wand of enslavement (8)
 B - a wand of disintegration (7)
 D - a wand of flame (21)
Scrolls
 f - 3 scrolls of blinking
 i - 3 scrolls of teleportation
 l - 3 scrolls of remove curse
 p - a scroll of magic mapping
 q - 2 scrolls of amnesia
 E - a scroll of enchant weapon
Potions
 c - a potion of magic
 d - 4 potions of might
 e - 3 potions of stabbing
 h - 2 potions of brilliance {unknown}
 j - 7 potions of curing {unknown}
 r - 4 potions of lignification {unknown}
 s - 3 potions of cancellation {unknown}
 x - 3 potions of haste {unknown}
 z - a potion of berserk rage {unknown}
 A - 2 potions of flight {unknown}


   Skills:
 + Level 7.7 Fighting
 + Level 1.3 Throwing
 - Level 7.0 Dodging
 - Level 4.0 Shields
 - Level 10.0 Unarmed Combat
 - Level 1.2 Spellcasting
 - Level 2.0 Transmutations
 + Level 4.7 Invocations


You had 9 spell levels left.
You knew the following spells:

 Your Spells              Type           Power        Failure   Level
a - Beastly Appendage     Tmut           ##....       19%         1
b - Wereblood             Tmut           ##......     26%         2

Your spell library contained the following spells:

 Spells                   Type           Power        Failure   Level
 Magic Dart               Conj           #...         38%         1
 Searing Ray              Conj           #.....       52%         2
 Spider Form              Tmut/Pois      #.........   63%         3
 Dazzling Flash           Conj/Hex       #.....       77%         3
 Ice Form                 Ice/Tmut       #.......     95%         4
 Fulminant Prism          Conj/Hex       #.........   99%         4
 Iskenderun's Mystic Bla  Conj/Tloc      #.......     99%         4
 Blade Hands              Tmut           ##........   99%         5


Dungeon Overview and Level Annotations

Branches:
Dungeon (9/15)             Temple (1/1) D:5            Lair (1/6) D:9
    Orc: D:9-12

Altars:
Ashenzari
Cheibriados
Dithmenos
Elyvilon
Fedhas
Gozag
Hepliaklqana
Kikubaaqudgha
Makhleb
Nemelex Xobeh
Okawaru
Qazlal
Ru
Sif Muna
Trog
Uskayaw
Vehumet
Wu Jian
Xom
Yredelemnul
Zin
The Shining One

Shops:
D:6 =   D:7 [

Annotations:
D:7 exclusion: ice statue


Innate Abilities, Weirdness & Mutations

You are too large for most types of armour.
You have claws for hands.
Your natural rate of healing is unusually fast.
You are covered in fur. (AC +1)
You have extremely tough skin. (AC +3)


Message History

The six-headed hydra bites you.
* * * LOW HITPOINT WARNING * * *
You feel much better. The water moccasin bites you.
You are poisoned.
The water moccasin poisons you!
The six-headed hydra bites you but does no damage.
The six-headed hydra bites you!
* * * LOW HITPOINT WARNING * * *
The six-headed hydra bites you!
* * * LOW HITPOINT WARNING * * *
The six-headed hydra bites you!
* * * LOW HITPOINT WARNING * * *
The six-headed hydra barely misses you.
The six-headed hydra closely misses you.
You block the water moccasin's attack.
Your surroundings seem slightly different.
You feel sick. The six-headed hydra bites you!
* * * LOW HITPOINT WARNING * * *
The six-headed hydra bites you.
You die...

......†.......##
.....#...#....##
## ...#
##........##.#
.# .#.........##
###..##......##
#...#........##
#............###
#...............
#...@D..§......#
#.P...S..>....##
#.#..........##
#.#..........#
#.#.........##
#..#.#####..#
###### ###


You could see a six-headed hydra and a water moccasin.

Vanquished Creatures
  Erolcha (D:9)
  A two-headed ogre (D:8)
  2 cane toads (Lair:1)
  A komodo dragon (Lair:1)
  A hornet (D:8)
  A troll (D:9)
  2 polar bears (Lair:1)
  A vampire (D:9)
  Grum (Lair:1)
  2 wyverns (Lair:1)
  2 yaks (D:9)
  3 water moccasins
  3 orc warriors
  An eye of draining (D:8)
  A sky beast (D:6)
  7 ogres
  A phantom (D:8)
  3 necrophages
  3 wolves (Lair:1)
  2 centaurs
  2 big kobolds
  A gnoll sergeant (D:8)
  7 bullfrogs
  7 killer bees (D:9)
  A scorpion (D:4)
  3 wights (D:8)
  A howler monkey (D:6)
  6 crimson imps (D:9)
  4 jellies
  2 orc priests
  6 hounds
  A bullfrog skeleton (D:7)
  An iguana (D:8)
  13 orc wizards
  8 worker ants
  A killer bee zombie (D:9)
  2 hound skeletons
  2 howler monkey skeletons
  7 gnolls
  13 adders
  A shadow imp (D:9)
  6 white imps
  3 ufetubi
  An adder skeleton (D:9)
  A dart slug (D:1)
  3 leopard geckos
  23 orcs
  3 giant cockroaches
  3 goblins
  7 hobgoblins
  21 kobolds
  A quokka (D:7)
  2 ball pythons
  3 bats
  3 frilled lizards
  6 rats
214 creatures vanquished.

Vanquished Creatures (others)
  A fungus (Lair:1)
  5 plants
6 creatures vanquished.

Grand Total: 220 creatures vanquished

Notes
Turn   | Place    | Note
-------+----------+-------------------------------------------
     0 | D:1      | mandarbmax the Troll Transmuter began the quest for the
                  | Orb.
     0 | D:1      | Reached XP level 1. HP: 18/18 MP: 1/1
    36 | D:1      | Reached skill level 1 in Fighting
   218 | D:1      | Reached XP level 2. HP: 27/27 MP: 0/2
   280 | D:1      | Learned a level 2 spell: Wereblood
   904 | D:2      | Noticed a +0 dagger
   905 | D:2      | Noticed a +0 dagger
   936 | D:2      | Reached XP level 3. HP: 33/33 MP: 1/3
   990 | D:2      | You fall into a shaft and drop 1 floor!
  1078 | D:2      | Found a hide-covered altar of Uskayaw.
  1469 | D:2      | Found a faded altar of an unknown god.
  1613 | D:3      | Reached skill level 4 in Unarmed Combat
  1968 | D:3      | Reached XP level 4. HP: 37/41 MP: 0/4
  2356 | D:4      | Reached skill level 5 in Unarmed Combat
  2356 | D:4      | Reached XP level 5. HP: 41/48 MP: 2/5
  2367 | D:4      | Noticed an ogre
  2378 | D:4      | Killed an ogre
  2378 | D:4      | Reached skill level 6 in Unarmed Combat
  2435 | D:4      | Reached XP level 6. HP: 52/55 MP: 4/6
  2536 | D:4      | Found a basalt altar of Yredelemnul.
  2861 | D:5      | Entered Level 5 of the Dungeon
  2887 | D:5      | Found a staircase to the Ecumenical Temple.
  2894 | Temple   | Entered the Ecumenical Temple
  2960 | Temple   | Became a worshipper of Cheibriados the Contemplative
  3266 | D:5      | Found a glowing golden altar of the Shining One.
  3419 | D:5      | Reached XP level 7. HP: 65/65 MP: 5/7
  3442 | D:5      | Found an ancient bone altar of Kikubaaqudgha.
  3828 | D:6      | Found a burning altar of Makhleb.
  3836 | D:6      | Identified a scroll of acquirement
  3836 | D:6      | Acquired the ring "Kuffub" {rC++ Dex+6}
  3893 | D:6      | Reached skill level 7 in Unarmed Combat
  4002 | D:6      | Reached * piety under Cheibriados
  4035 | D:6      | Found Yfeklea's Jewellery Shop.
  4210 | D:6      | Reached XP level 8. HP: 75/75 MP: 6/8
  4502 | D:6      | Noticed a balrug
  4800 | D:7      | Found a hazy altar of Hepliaklqana.
  4804 | D:7      | Found a shadowy altar of Dithmenos.
  4831 | D:7      | Reached skill level 8 in Unarmed Combat
  5012 | D:7      | Reached skill level 5 in Fighting
  5017 | D:7      | Reached ** piety under Cheibriados
  5112 | D:7      | Noticed an ice statue
  5349 | D:7      | Found Piej's Armour Emporium.
  5357 | D:7      | Found an iron altar of Okawaru.
  5650 | D:7      | Reached skill level 5 in Dodging
  5650 | D:7      | Reached XP level 9. HP: 88/88 MP: 1/9
  5881 | D:8      | Reached *** piety under Cheibriados
  6048 | D:8      | Noticed a two-headed ogre
  6059 | D:8      | Killed a two-headed ogre
  6059 | D:8      | Reached skill level 1 in Shields
  6059 | D:8      | Reached skill level 9 in Unarmed Combat
  6059 | D:8      | Reached skill level 1 in Invocations
  6182 | D:8      | Paralysed by a hornet for 3 turns
  6640 | D:9      | Noticed Erolcha
  6651 | D:9      | Reached XP level 10. HP: 71/100 MP: 1/10
  6943 | D:9      | Killed Erolcha
  6954 | D:9      | Reached **** piety under Cheibriados
  7135 | D:9      | Identified the cursed +0 leather armour of the Devil's
                  | Advocate {Rampage Str-5 Dex+4}
  7630 | D:9      | Found a staircase to the Lair.
  7644 | D:9      | Reached ***** piety under Cheibriados
  8036 | Lair:1   | Entered Level 1 of the Lair of Beasts
  8062 | Lair:1   | Noticed Grum
  8089 | Lair:1   | Killed Grum
  8129 | Lair:1   | Noticed a cane toad
  8133 | Lair:1   | Killed a cane toad
  8133 | Lair:1   | Reached skill level 10 in Unarmed Combat
  8267 | Lair:1   | Reached XP level 11. HP: 109/109 MP: 13/13
  8307 | Lair:1   | Noticed a seven-headed hydra
  8443 | Lair:1   | Reached skill level 1 in Throwing
  8443 | Lair:1   | Noticed a six-headed hydra
  8457 | Lair:1   | HP: 1/110 [six-headed hydra (11)]
  8460 | Lair:1   | Slain by a six-headed hydra

Illustrated notes

Levels and vault maps discovered:
D:1:      lemuel_arrival_muddy, layout_basic, minmay_misc_feat_rugged
D:2:      layout_rooms, dancing_weapons_uskayaw, chequers_ecumenical_altar_lobes
D:3:      layout_rooms
D:4:      layout_basic, lemuel_statue_altar
D:5:      layout_basic, kiku_gazebo_pond_becter, old_standard_altar,
          minmay_temple_entry_purple_smoke
D:6:      layout_loops_cross, serial_shops, shop_fountains,
          makhleb_altar_promises_db
D:7:      lemuel_ice_statue, layout_basic, riverfiend_overflow_shadow_ancestor,
          okawaru_gym_becter, serial_shops, nicolae_shop_trees
D:8:      layout_rooms
D:9:      layout_cave_pods, lair_entry_dummy, minmay_nine_imps, uniq_erolcha
Temple:   compressed_dpeg_circular_temple
Lair:1:   layout_cave_pods, grunt_megastairs_5, uniq_grum

Skill      XL: |  1  2  3  4  5  6  7  8  9 10 11 |
---------------+----------------------------------+-----
Fighting       | 1 2 3 5 6 7 |  7.7
Dodging        | 2 3 5 6 7 |  7.0
Transmutations | 2 |  2.0
Unarmed Combat | 4 5 6 7 8 9 10 | 10.0
Shields        | 2 4 |  4.0
Invocations    | 2 4 |  4.7
Throwing       | 1 |  1.3
Spellcasting   | |  1.2

Action                   |  1- 3 |  4- 6 |  7- 9 | 10-12 || total
-------------------------+-------+-------+-------+-------++-------
Melee: Unarmed           |    87 |    48 |   225 |   146 ||   506
       Kick              |     4 |     8 |    63 |    54 ||   129
       Punch             |     2 |     1 |     2 |       ||     5
       Headbutt          |     7 |     4 |    48 |    34 ||    93
Throw: Dart              |     2 |    25 |    21 |    19 ||    67
       Boomerang         |       |       |    47 |     3 ||    50
 Cast: Beastly Appendage |    24 |    18 |    47 |    26 ||   115
       Wereblood         |     4 |     3 |    14 |    11 ||    32
Invok: Bend Time         |       |       |       |     1 ||     1
Evoke: Wand              |       |       |    18 |     2 ||    20
  Use: Scroll            |       |    10 |     7 |     8 ||    25
       Potion            |       |       |       |     3 ||     3
 Stab: Sleeping          |       |       |     2 |     1 ||     3
       Distracted        |       |       |     1 |       ||     1
Armor: Robe              |    31 |    16 |    93 |    30 ||   170
Dodge: Dodged            |    43 |    15 |   207 |   100 ||   365
Block: Kite shield       |       |       |    22 |   139 ||   161

Table legend: (Time is in decaauts)
 A = Elapsed time spent in this place.
 B = Non-inter-level travel time spent in this place.
 C = Inter-level travel time spent in this place.
 D = Time resting spent in this place.
 E = Time spent auto-exploring this place.
 F = Levels seen in this place.
 G = Mean time per level.
                   A        B        C        D        E       F      G
               +--------+--------+--------+--------+--------+-----+--------+
         Total |  10269 |   9707 |    562 |    600 |   7261 |  11 |  933.5 |
       Dungeon |   9522 |   8974 |    548 |    600 |   6785 |   9 | 1058.0 |
        Temple |     80 |     67 |     13 |      0 |     63 |   1 |   80.0 |
          Lair |    667 |    667 |      0 |      0 |    412 |   1 |  667.0 |
               +--------+--------+--------+--------+--------+-----+--------+

Top non-repeatable levels by time:
     D:9: 1729 daAuts
     D:7: 1512 daAuts
     D:8: 1346 daAuts
     D:5: 1075 daAuts
     D:6: 1002 daAuts
     D:1: 830 daAuts
     D:3: 737 daAuts
     D:2: 670 daAuts
  Lair:1: 667 daAuts
     D:4: 618 daAuts
  Temple: 80 daAuts
